 Dungeon Crawl Stone Soup version 0.19.0-20-gbc5f0c6 (webtiles) character file.

184 Minion the Chopper (level 5, 0/42 HPs)
             Began as a Formicid Abyssal Knight on Nov 17, 2016.
             Was a Priest of Lugonu.
             Slain by a worker ant (2 damage)
             ... on level 4 of the Dungeon.
             The game lasted 00:08:42 (3281 turns).

Minion the Chopper (Formicid Abyssal Knight)        Turns: 3281, Time: 00:08:43

Health: 0/42       AC:  7    Str: 16    XL:     5   Next: 96%
Magic:  6/6        EV: 10    Int: 12    God:    Lugonu [***...]
Gold:   183        SH:  0    Dex: 11    Spells: 0 memorised, 4 levels left

rFire  . . .     SeeInvis +     r - +0 war axe
rCold  . . .     Gourm    .     j - +0 scale mail
rNeg   . . .     Faith    .     (no shield)
rPois  .         Spirit   .     (helmet unavailable)
rElec  .         Reflect  .     (no cloak)
rCorr  .         Harm     .     q - +0 pair of gloves
MR     .....                    (no boots)
Stlth  ..........               b - amulet of magic regeneration
                                (no ring)
                                g - ring of wizardry

@: lethally poisoned (0 -> -3), flying
A: permanent stasis, dig shafts and tunnels, four strong arms, antennae 3
a: Dig, Shaft Self, Depart the Abyss, Bend Space, Banish, Renounce Religion


You were on level 4 of the Dungeon.
You worshipped Lugonu.
Lugonu was most pleased with you.
You were not hungry.

You visited 1 branch of the dungeon, and saw 4 of its levels.
You visited the Abyss 1 time.

You collected 183 gold pieces.

Inventory:

Hand Weapons
 r - a +0 war axe (weapon)
Armour
 j - a +0 scale mail (worn)
 q - a +0 pair of gloves (worn)
Jewellery
 b - an amulet of magic regeneration (around neck)
 g - a ring of wizardry (left hand)
Wands
 p - a wand of digging (5/24)
Scrolls
 e - 6 scrolls of identify
 h - a scroll of remove curse
 l - 2 scrolls of amnesia
 o - a scroll of enchant weapon {unknown}
Potions
 d - a potion of flight
Comestibles
 c - 2 bread rations
 f - a slice of pizza
 m - a chunk of flesh
 n - a meat ration


   Skills:
 - Level 4.1 Fighting
 + Level 4.6 Axes
 - Level 2.5 Armour
 - Level 1.6 Dodging
 - Level 2.2 Invocations


You had 4 spell levels left.
You didn't know any spells.

Dungeon Overview and Level Annotations

Branches:
Dungeon (4/15)
 Temple: D:4-7

Altars:
Gozag
Okawaru


Innate Abilities, Weirdness & Mutations

You are under a permanent stasis effect.
You can dig through walls and to a lower floor.
Your four strong arms can wield two-handed weapons with a shield.
You have a pair of large antennae on your head. (SInv)


Message History

You see here a +1 hand axe.
The worker ant bites you but does no damage.
Okay, then.
The worker ant barely misses you. The worker ant bites you.
* * * LOW HITPOINT WARNING * * *
You are lethally poisoned!
The worker ant poisons you!
It was a potion of flight.
You feel very buoyant.
You fly up into the air.
* * * LOW HITPOINT WARNING * * *
You feel sick.
The worker ant bites you but does no damage.
It was a potion of haste.
Your stasis keeps you stable.
* * * LOW HITPOINT WARNING * * *
You feel sick.
The worker ant waves its antennae.
The worker ant bites you.
You die...

#.# #)# #.....).# #. #.#
#######.## # ##.##
##.###.# ##. ##...##
#...... #...##.....###.
#.##### ...............#
#.#
#[..##...(.#############.#
##. ##...####.........).#
# #...###@a.##########
#.#.......# #...###...#
##### #####


You could see a worker ant.

Vanquished Creatures
  An orc wizard (D:4)
  Robin (D:2)
  5 adders
  An ooze (D:1)
  3 worms (D:2)
  6 dart slugs
  A leopard gecko (D:1)
  5 orcs
  6 bats
  4 giant cockroaches
  8 hobgoblins
  9 kobolds
  6 frilled lizards
  15 goblins
  7 rats
78 creatures vanquished.

Notes
Turn   | Place    | Note
-------+----------+-------------------------------------------
     0 | Abyss:1  | Minion the Formicid Abyssal Knight began the quest for the Orb.
     0 | Abyss:1  | Reached XP level 1. HP: 18/18 MP: 2/2
    26 | D:1      | Escaped the Abyss
    56 | D:1      | Reached skill level 1 in Dodging
   170 | D:1      | Reached XP level 2. HP: 8/24 MP: 3/3
   579 | D:1      | Reached XP level 3. HP: 29/30 MP: 4/4
   886 | D:1      | Reached ** piety under Lugonu
  1222 | D:2      | Reached XP level 4. HP: 17/37 MP: 5/5
  1755 | D:2      | Noticed Robin
  1786 | D:2      | Killed Robin
  2264 | D:2      | Reached XP level 5. HP: 42/42 MP: 6/6
  2284 | D:2      | Found an opulent altar of Gozag.
  2596 | D:2      | Found an iron altar of Okawaru.
  2798 | D:3      | HP: 2/42 [orc priest/nerve-wracking pain (7)]
  3211 | D:4      | Reached *** piety under Lugonu
  3281 | D:4      | HP: 2/42 [poisoned by a worker ant]
  3281 | D:4      | Slain by a worker ant

Skill      XL: |  1  2  3  4  5 |
---------------+----------------+-----
Dodging        | 1 |  1.6
Fighting       | 4 |  4.1
Axes           | 3 4 |  4.6
Armour         | |  2.5
Invocations    | |  2.2

Action                   |  1- 3 |  4- 6 || total
-------------------------+-------+-------++-------
Melee: Hand axe          |   117 |   137 ||   254
       War axe           |       |    45 ||    45
  Use: Scroll            |     4 |     2 ||     6
       Potion            |       |     4 ||     4
  Eat: Chunk             |     1 |     7 ||     8
Armor: Leather armour    |    33 |    15 ||    48
       Scale mail        |       |    73 ||    73
Dodge: Dodged            |    82 |    92 ||   174
